 Dungeon Crawl Stone Soup version 0.30.1 (webtiles) character file.

Game seed: 16385780516316303141

388 boopmooplesden the Twirler (level 6, 0/70 HPs)
             Began as a Demonspawn Gladiator on July 10, 2023.
             Slain by a river rat (4 damage)
             ... summoned by Eustachio
             ... on level 4 of the Dungeon.
             The game lasted 00:04:39 (2831 turns).

boopmooplesden the Twirler (Demonspawn Gladiator)   Turns: 2831, Time: 00:04:39

Health: 0/70       AC: 23    Str: 16      XL:     6   Next: 49%
Magic:  6/6        EV:  2    Int: 10      God:
Gold:   105        SH:  0    Dex: 13 (14) Spells: 5/5 levels left

rFire   . . .        a - +1 quarterstaff (freeze)
rCold   . . .        (shield currently unavailable)
rNeg    + . .        q - melded +0 chain mail
rPois   +            c - melded +0 helmet
rElec   .            (cloak currently unavailable)
rCorr   .            (gloves currently unavailable)
SInv    .            (boots currently unavailable)
Will    .....        (no amulet)
Stlth   +            n - ring of positive energy
HPRegen 0.31/turn    (no ring)
MPRegen 0.10/turn

%: no passive effects
@: tree-form, hasted, very quick
A: stationary, stasis, torment immunity, boosted hp, (icy blue scales 2),
demonic magic 2
a: no special abilities


You were on level 4 of the Dungeon.
You were a tree.
You visited 1 branch of the dungeon, and saw 4 of its levels.

You collected 105 gold pieces.

Inventory:

Hand Weapons
 a - a +1 quarterstaff of freezing (weapon)
Missiles
 d - 3 throwing nets (quivered)
 e - 7 javelins
 o - 4 boomerangs
Armour
 b - a +0 leather armour
 c - a +0 helmet (melded)
 h - a +0 ring mail
 q - a +0 chain mail (melded)
Jewellery
 n - a ring of positive energy (left branch)
Scrolls
 i - a scroll of identify
 r - 2 scrolls of magic mapping
 s - a scroll of amnesia
Potions
 j - 3 potions of brilliance
 k - a potion of heal wounds {unknown}
 l - a potion of haste
 m - a potion of curing {unknown}
 p - a potion of flight {unknown}
 u - a potion of might {unknown}


   Skills:
 + Level 3.3 Fighting
 + Level 5.1 Staves
 + Level 1.8 Throwing
 + Level 2.2 Armour
 + Level 3.4 Dodging
 + Level 0.3 Stealth


You had 5 spell levels left.
You didn't know any spells.
Your spell library contained the following spells:

 Spells                   Type           Power      Damage    Failure   Level
 Apportation              Tloc           0%         N/A       36%         1
 Beastly Appendage        Tmut           0%         N/A       36%         1
 Necrotise                Necr           0%         1d4       36%         1
 Summon Small Mammal      Summ           0%         N/A       36%         1
 Sublimation of Blood     Necr           0%         N/A       50%         2
 Wereblood                Tmut           0%         N/A       50%         2
 Spider Form              Tmut/Pois      0%         N/A       75%         3
 Summon Hydra             Summ           0%         N/A       100%        7


Dungeon Overview and Level Annotations

Branches:
Dungeon (4/15)
 Temple: D:4-7

Altars:
Ashenzari
Kikubaaqudgha
Makhleb
Nemelex Xobeh
Qazlal
Sif Muna
Yredelemnul

Annotations:
D:4 Eustachio


Innate Abilities, Weirdness & Mutations

You are a tree.
Your roots penetrate the ground, keeping you stationary.
You cannot be teleported.
You are immune to unholy pain and torment.
Your maximum health is greatly increased.
Your equipment is partially melded.
((You are mostly covered in icy blue scales. (AC +3)))
Spells you cast may paralyse nearby enemies.


Message History

Eustachio is severely wounded.
Eustachio mumbles some strange words.
The river rat completely misses you. The iron imp hits you.
* * * LOW HITPOINT WARNING * * *
You barely miss Eustachio.
Eustachio is severely wounded.
The quasit bites you but does no damage.
The quasit claws you.
* * * LOW HITPOINT WARNING * * *
You feel clumsy.
The quasit claws you but does no damage.
Eustachio casts a spell.
The river rat bites you but does no damage.
The quasit bites you but does no damage.
The quasit claws you but does no damage. x2
The iron imp barely misses you.
Eustachio gestures wildly while chanting.
Eustachio blinks!
The quokka attacks as you move away! The quokka closely misses you.
The river rat bites you.
* * * LOW HITPOINT WARNING * * *
Eustachio closely misses you.
It was a potion of haste.
You feel yourself speed up. The quasit closely misses you.
The quasit claws you but does no damage. x2
The quokka bites you but does no damage.
The iron imp shouts, "Crawl home, thou gleeking hasty-witted apple-john!"
The river rat bites you.
* * * LOW HITPOINT WARNING * * *
Eustachio casts a spell.
Eustachio blinks!
It was a potion of lignification.
You turn into a tree.
Your +0 helmet melds into your body.
Your +0 chain mail melds into your body.
Your roots penetrate the ground.
The quasit bites you but does no damage.
The quasit claws you but does no damage. x2
The quokka bites you but does no damage.
The river rat bites you.
You die...

## .. #.. ... #.# ##...# ...
#.# .....## ... ####.# ......
.... ....#####.
.....###......###r.......
............@...♣55.#
.......##########r5.######.#.#
.................b..§§§§......
.#.....##########.#§######.#.#
............. .......
.........#### ###.#.###
)####....... ....... .#
###..### ###.#.### )# ###
#.#.#


You could see Eustachio, 2 iron imps, a quasit (summoned), a river rat
(summoned), a quokka (summoned) and a bat (summoned).

Vanquished Creatures
  Grinder (D:3)
  Terence (D:3)
  Robin (D:4)
  5 adders
  2 worms
  4 dart slugs
  2 orcs
  11 ball pythons
  2 bats
  7 endoplasms
  5 giant cockroaches
  16 goblins
  10 hobgoblins
  7 jackals
  9 quokkas
  4 frilled lizards
  9 kobolds
  5 rats
101 creatures vanquished.

Notes
Turn   | Place    | Note
-------+----------+-------------------------------------------
     0 | D:1      | boopmooplesden the Demonspawn Gladiator began the quest for
                  | the Orb.
     0 | D:1      | Reached XP level 1. HP: 16/16 MP: 1/1
    75 | D:1      | Gained mutation: You are partially covered in icy blue
                  | scales. (AC +2) [demonic ancestry]
    75 | D:1      | Reached XP level 2. HP: 14/22 MP: 2/2
   175 | D:1      | Reached skill level 3 in Staves
   373 | D:1      | Reached XP level 3. HP: 28/28 MP: 3/3
   770 | D:2      | Gained mutation: Spells you cast may paralyse adjacent
                  | enemies. [demonic ancestry]
   770 | D:2      | Reached XP level 4. HP: 34/34 MP: 4/4
   781 | D:2      | Found a burning altar of Makhleb.
  1317 | D:3      | Found a broken altar of Ashenzari.
  1322 | D:3      | Found a sparkling altar of Nemelex Xobeh.
  1324 | D:3      | Found a burning altar of Makhleb.
  1326 | D:3      | Found a stormy altar of Qazlal.
  1326 | D:3      | Found a basalt altar of Yredelemnul.
  1327 | D:3      | Found an ancient bone altar of Kikubaaqudgha.
  1392 | D:3      | Found a shimmering blue altar of Sif Muna.
  1395 | D:3      | Noticed Terence
  1403 | D:3      | Killed Terence
  1404 | D:3      | Reached skill level 4 in Staves
  1404 | D:3      | Reached skill level 1 in Armour
  1560 | D:3      | Gained mutation: You are mostly covered in icy blue scales.
                  | (AC +3) [demonic ancestry]
  1560 | D:3      | Reached XP level 5. HP: 32/40 MP: 5/5
  1834 | D:3      | Noticed Grinder
  2157 | D:3      | Killed Grinder
  2158 | D:3      | Gained mutation: Spells you cast may paralyse nearby
                  | enemies. [demonic ancestry]
  2158 | D:3      | Reached XP level 6. HP: 16/47 MP: 6/6
  2695 | D:4      | Reached skill level 5 in Staves
  2743 | D:4      | Noticed Robin
  2770 | D:4      | Killed Robin
  2782 | D:4      | Noticed Eustachio
  2830 | D:4      | HP: 2/47 [river rat[Eustachio] (3)]
  2831 | D:4      | Slain by a river rat

Illustrated notes

Levels and vault maps discovered:
D:1:      erik_arrival_blinker_ship, layout_basic
D:2:      wander_river, layout_rooms, basic_altar, minmay_tiny_reverse_x
D:3:      layout_basic, grunt_temple_overflow_open,
          nicolae_sif_muna_condensation, minmay_pentangle, uniq_grinder,
          uniq_terence
D:4:      layout_basic, zin_treasury, uniq_robin, uniq_eustachio,
          uniq_crazy_yiuf_cottage

Skill      XL: |  1  2  3  4  5  6 |
---------------+-------------------+-----
Dodging        | 3 |  3.4
Staves         | 3 4 5 |  5.1
Armour         | 1 2 |  2.2
Fighting       | 3 |  3.3
Throwing       | |  1.8
Stealth        | |  0.3

Action                     |  1- 3 |  4- 6 || total
---------------------------+-------+-------++-------
  Melee: Quarterstaff      |   118 |   176 ||   294
    Use: Scroll            |       |    11 ||    11
         Potion            |       |     2 ||     2
   Stab: Sleeping          |     2 |       ||     2
 Armour: Leather armour    |    33 |       ||    33
         Ring mail         |    23 |    31 ||    54
         Chain mail        |       |    87 ||    87
         Skin              |       |     4 ||     4
  Dodge: Dodged            |    86 |    82 ||   168
